 Dungeon Crawl Stone Soup version 0.27-a0-1245-g940ed4fa31 (webtiles) character file.

Game seed: 4681082320697741276

364 Snikeer the Chiller (level 6, -7/44 HPs)
             Began as a Gnoll Ice Elementalist on June 9, 2021.
             Mangled by a steam dragon (9 damage)
             ... on level 7 of the Dungeon.
             The game lasted 00:08:08 (4900 turns).

Snikeer the Chiller (Gnoll Ice Elementalist)        Turns: 4900, Time: 00:08:09

Health: -7/44      AC:  2    Str:  8    XL:     6   Next: 67%
Magic:  12/14      EV: 13    Int: 16    God:
Gold:   112        SH:  0    Dex: 12    Spells: 8/15 levels left

rFire    . . .     SeeInvis +   e - +0 dagger
rCold    . . .     Faith    .   (no shield)
rNeg     . . .     Spirit   .   a - +0 robe
rPois    .         Reflect  .   (no helmet)
rElec    .         Harm     .   (no cloak)
rCorr    .         Rampage  .   (no gloves)
Will     .....                  (no boots)
Stlth    +++.......             r - amulet of magic regeneration
HPRegen  0.14/turn              V - ring of see invisible {sInv, !d}
MPRegen  0.39/turn              (no ring)

@: freezing walls
A: fangs 1, strong nose, distributed training
a: no special abilities


You were on level 7 of the Dungeon.
You visited 1 branch of the dungeon, and saw 5 of its levels.

You collected 112 gold pieces.

Inventory:

Hand Weapons
 b - a +0 whip
   (You found it on level 1 of the Dungeon)
 e - a +0 dagger (weapon)
   (You found it on level 1 of the Dungeon)
Missiles
 c - 9 boomerangs
 f - 18 sling bullets
 g - 45 arrows
 m - 60 bolts
 s - 100 stones (quivered)
 w - 13 poisoned darts
 x - 2 throwing nets {!d}
Armour
 a - a +0 robe (worn)
 z - a +0 cloak
   (You found it on level 7 of the Dungeon)
Jewellery
 p - an amulet of regeneration
   (You found it on level 2 of the Dungeon)
 r - an amulet of magic regeneration (around neck)
   (You found it on level 3 of the Dungeon)
 V - a ring of see invisible (left hand) {sInv, !d}
   (You found it on level 2 of the Dungeon)
 X - a ring of resist corrosion
   (You took it off a hobgoblin on level 3 of the Dungeon)
Scrolls
 h - 5 scrolls of noise {unknown}
 j - a scroll of fear {unknown}
 l - a scroll of amnesia {unknown}
 n - 2 scrolls of identify {unknown}
 q - a scroll of fog {unknown}
 t - a scroll of teleportation {unknown}
 y - a scroll of brand weapon {unknown}
Potions
 d - 2 potions of flight {unknown}
 i - 2 potions of curing {unknown}
 k - a potion of magic {unknown}
 o - 2 potions of invisibility {unknown}
 u - a potion of heal wounds {unknown}
 v - a potion of brilliance {unknown}


   Skills:
 + Level 2.0 Fighting
 + Level 2.0 Short Blades
 + Level 2.0 Long Blades
 + Level 2.0 Axes
 + Level 2.0 Maces & Flails
 + Level 2.0 Polearms
 + Level 2.0 Staves
 + Level 2.0 Slings
 + Level 2.0 Bows
 + Level 2.0 Crossbows
 + Level 2.0 Throwing
 + Level 2.0 Armour
 + Level 5.0 Dodging
 + Level 4.6 Stealth
 + Level 2.0 Shields
 + Level 2.0 Unarmed Combat
 + Level 5.4 Spellcasting
 + Level 1.6 Conjurations
 + Level 1.6 Hexes
 + Level 1.6 Summonings
 + Level 1.6 Necromancy
 + Level 1.6 Translocations
 + Level 1.6 Transmutations
 + Level 1.6 Fire Magic
 + Level 7.3 Ice Magic
 + Level 1.6 Air Magic
 + Level 1.6 Earth Magic
 + Level 1.6 Poison Magic
 + Level 2.2 Invocations
 + Level 2.0 Evocations


You had 8 spell levels left.
You knew the following spells:

 Your Spells              Type           Power      Damage    Failure   Level
a - Freeze                Ice            100%       1d11      1%          1
b - Frozen Ramparts       Ice            54%        1d7       2%          3
A - Ozocubu's Armour      Ice            27%        N/A       2%          3

Your spell library contained the following spells:

 Spells                   Type           Power      Damage    Failure   Level
 Hailstorm                Conj/Ice       18%        3d6       22%         4
 Metabolic Englaciation   Hex/Ice        9%         N/A       54%         5


Dungeon Overview and Level Annotations

Branches:
Dungeon (4/15)
 Temple: D:4-7

Altars:
Fedhas
Hepliaklqana
Makhleb
Wu Jian
Xom
Zin

Shops:
D:2 =


Innate Abilities, Weirdness & Mutations

You have very sharp teeth.
Your uncanny sense of smell can sniff out nearby items.
Your experience applies equally to all skills.


Message History

The walls around you are covered in ice.
The wall freezes the gnoll.
The gnoll hits you from afar with a +0 halberd!
You take 13 damage, and have 28/44 hp.
MASSIVE DAMAGE!!
You now have 11/14 mp.
Your frozen ramparts will break if you move.
Continue? [Y]es or [N]o only, please.
Your frozen ramparts will break if you move.
Continue? [Y]es or [N]o only, please.
Your frozen ramparts will break if you move.
Continue?
Okay, then.
The wall freezes the gnoll.
The frozen ramparts melt away.
A gnoll is nearby!
MP restored: 14
Casting: Frozen Ramparts (dangerous; 2% risk of failure)
Confirm with . or Enter, or press ? or * to list all spells.
The walls around you are covered in ice.
The gnoll shouts!
You now have 11/14 mp.
The wall freezes the gnoll.
The wall freezes the gnoll.
The gnoll barely misses you.
Your frozen ramparts will break if you move.
Continue? [Y]es or [N]o only, please.
Your frozen ramparts will break if you move.
Continue? [Y]es or [N]o only, please.
Your frozen ramparts will break if you move.
Continue?
Okay, then.
The wall freezes the gnoll!
The gnoll hits you from afar with a +0 spear.
You take 1 damage, and have 29/44 hp.
The wall freezes the gnoll.
The frozen ramparts melt away.
A gnoll comes into view. It is wielding a +0 flail.
MP restored: 14
Casting: Frozen Ramparts (dangerous; 2% risk of failure)
Confirm with . or Enter, or press ? or * to list all spells.
The walls around you are covered in ice.
The gnoll shouts!
The wall freezes the gnoll.
You now have 11/14 mp.
You hit the gnoll but do no damage.
The wall freezes the gnoll.
The gnoll barely misses you.
You barely miss the gnoll.
The wall freezes the gnoll.
The gnoll barely misses you.
You completely miss the gnoll.
The wall freezes the gnoll.
The gnoll hits you with a +0 flail!
You take 8 damage, and have 23/44 hp.
A gnoll is nearby!
You are too injured to fight recklessly!
You are too injured to fight recklessly!
You are too injured to fight recklessly!
You hit the gnoll but do no damage. You closely miss the gnoll.
The wall freezes the gnoll.
The frozen ramparts melt away.
HP restored.
You now have 112 gold pieces (gained 12).
Items here: )) ††.
x - 2 throwing nets {!d}
Things that are here:
a +0 halberd; a gnoll corpse Health restored: 44; MP restored: 14
Items here: )) ††.
Things that are here:
a +0 spear; a gnoll corpse You enter the shallow water.
Moving in this stuff is going to be slow.
Found a stone staircase leading up.
You enter the shallow water.
Moving in this stuff is going to be slow.
Found an ornate altar of the Wu Jian Council.
y - a scroll labelled SIAPSY NEAN
z - a +0 cloak You open the door.
There is an open door here.
You open the door. You open the door.
A steam dragon comes into view.
There is an open door here.
The steam dragon hisses angrily.
The steam dragon breathes steam at you. The ball of steam hits you!
You take 13 damage, and have 31/44 hp.
MASSIVE DAMAGE!!
No reachable target in view!
No reachable target in view!
Casting: Frozen Ramparts (dangerous; 2% risk of failure)
Confirm with . or Enter, or press ? or * to list all spells.
The walls around you are covered in ice.
You are engulfed in a cloud of scalding steam.
The wall freezes the steam dragon.
You take 5 damage, and have 26/44 hp.
You now have 11/14 mp.
You hit the steam dragon.
You are engulfed in a cloud of scalding steam.
The wall freezes the steam dragon.
The steam dragon misses you. The steam dragon claws you.
You take 11 damage, and have 15/44 hp.
MASSIVE DAMAGE!!
You barely miss the steam dragon.
You are engulfed in a cloud of scalding steam.
* * * LOW HITPOINT WARNING * * *
The wall freezes the steam dragon!
The steam dragon bites you!
You die...

#.##.....##...
#...##.##.#.###
#.####....# # #.##
##.### #..# #.#
##.####'####
#.#.......#
#.#.⌠...⌠.########!#
#.#.......#§§@D§...#
#.'...⌠...'§########
###.......#.#
#.⌠...⌠.#.#
#.......#.#
####+####.# ..# ###


You could see a steam dragon.

Vanquished Creatures
  A water moccasin (D:4)
  A howler monkey (D:7)
  A hound (D:7)
  An orc wizard (D:4)
  4 gnolls (D:7)
  2 adders (D:3)
  A white imp (D:7)
  4 worms
  5 orcs
  7 ball pythons
  5 endoplasms
  7 giant cockroaches
  9 goblins
  8 hobgoblins
  5 jackals (D:1)
  7 kobolds
  2 quokkas
  7 bats
  3 frilled lizards
  4 rats
84 creatures vanquished.

Notes
Turn   | Place    | Note
-------+----------+-------------------------------------------
     0 | D:1      | Snikeer the Gnoll Ice Elementalist began the quest for the
                  | Orb.
     0 | D:1      | Reached XP level 1. HP: 13/13 MP: 6/6
   454 | D:1      | Reached XP level 2. HP: 19/19 MP: 5/7
   761 | D:1      | Reached XP level 3. HP: 22/25 MP: 3/9
   829 | D:1      | Reached skill level 5 in Spellcasting
   839 | D:1      | Learned a level 3 spell: Frozen Ramparts
   843 | D:1      | Learned a level 3 spell: Ozocubu's Armour
  1476 | D:1      | Reached skill level 1 in Invocations
  1717 | D:2      | Found Giapi Eru's Jewellery Boutique.
  1912 | D:2      | Reached skill level 1 in Fighting
  1912 | D:2      | Reached skill level 1 in Short Blades
  1912 | D:2      | Reached skill level 1 in Long Blades
  1912 | D:2      | Reached skill level 1 in Axes
  1912 | D:2      | Reached skill level 1 in Maces & Flails
  1912 | D:2      | Reached skill level 1 in Polearms
  1912 | D:2      | Reached skill level 1 in Staves
  1912 | D:2      | Reached skill level 1 in Slings
  1912 | D:2      | Reached skill level 1 in Bows
  1912 | D:2      | Reached skill level 1 in Crossbows
  1912 | D:2      | Reached skill level 1 in Throwing
  1912 | D:2      | Reached skill level 1 in Armour
  1912 | D:2      | Reached skill level 1 in Shields
  1912 | D:2      | Reached skill level 1 in Unarmed Combat
  1912 | D:2      | Reached skill level 1 in Evocations
  2037 | D:2      | Reached XP level 4. HP: 13/32 MP: 7/11
  3302 | D:3      | Found a faded altar of an unknown god.
  3366 | D:3      | Reached skill level 1 in Conjurations
  3366 | D:3      | Reached skill level 1 in Hexes
  3366 | D:3      | Reached skill level 1 in Summonings
  3366 | D:3      | Reached skill level 1 in Necromancy
  3366 | D:3      | Reached skill level 1 in Translocations
  3366 | D:3      | Reached skill level 1 in Transmutations
  3366 | D:3      | Reached skill level 1 in Fire Magic
  3366 | D:3      | Reached skill level 1 in Air Magic
  3366 | D:3      | Reached skill level 1 in Earth Magic
  3366 | D:3      | Reached skill level 1 in Poison Magic
  4061 | D:4      | Found a glowing silver altar of Zin.
  4066 | D:4      | Found a hazy altar of Hepliaklqana.
  4068 | D:4      | Found a burning altar of Makhleb.
  4069 | D:4      | Found a shimmering altar of Xom.
  4071 | D:4      | Found a blossoming altar of Fedhas.
  4132 | D:4      | Reached XP level 5. HP: 37/37 MP: 10/12
  4143 | D:4      | Noticed a water moccasin
  4154 | D:4      | Killed a water moccasin
  4155 | D:4      | Reached skill level 2 in Invocations
  4155 | D:4      | Reached XP level 6. HP: 37/44 MP: 7/13
  4354 | D:4      | You fall into a shaft and drop 3 floors!
  4446 | D:7      | Noticed an ice beast
  4539 | D:7      | Reached skill level 5 in Dodging
  4597 | D:7      | Reached skill level 2 in Fighting
  4597 | D:7      | Reached skill level 2 in Short Blades
  4597 | D:7      | Reached skill level 2 in Long Blades
  4597 | D:7      | Reached skill level 2 in Axes
  4597 | D:7      | Reached skill level 2 in Maces & Flails
  4597 | D:7      | Reached skill level 2 in Polearms
  4597 | D:7      | Reached skill level 2 in Staves
  4597 | D:7      | Reached skill level 2 in Slings
  4597 | D:7      | Reached skill level 2 in Bows
  4597 | D:7      | Reached skill level 2 in Crossbows
  4597 | D:7      | Reached skill level 2 in Throwing
  4597 | D:7      | Reached skill level 2 in Armour
  4597 | D:7      | Reached skill level 2 in Shields
  4597 | D:7      | Reached skill level 2 in Unarmed Combat
  4597 | D:7      | Reached skill level 2 in Evocations
  4855 | D:7      | Found an ornate altar of the Wu Jian Council.
  4893 | D:7      | Noticed a steam dragon
  4900 | D:7      | HP: 2/44 [steam dragon] (13)]
  4900 | D:7      | Mangled by a steam dragon

Illustrated notes

Levels and vault maps discovered:
D:1:      dpeg_arrival_water_temple_mockup, layout_basic,
          serial_co_window_serial, co_window_corner_a, co_window_paths_a,
          co_window_paths_a, co_window_corner_a, co_window_paths_a,
          co_window_of_opportunity_a, co_window_of_opportunity_b,
          co_window_corner_b, co_window_unsneaky_path_c, co_window_corner_b,
          glass_columns_a
D:2:      layout_basic, serial_shops, nicolae_shop_crystal
D:3:      layout_loops_cross, chequers_ecumenical_altar_island
D:4:      layout_gridville, minitemple
D:7:      layout_basic, nicolae_wu_jian_wuxing_cycle, hex_tiny,
          minmay_fountain_box, chequers_serial_rivers_large_a

Skill      XL: |  1  2  3  4  5  6 |
---------------+-------------------+-----
Spellcasting   | 5 |  5.4
Invocations    | 1 2 |  2.2
Fighting       | 1 2 |  2.0
Short Blades   | 1 2 |  2.0
Long Blades    | 1 2 |  2.0
Axes           | 1 2 |  2.0
Maces & Flails | 1 2 |  2.0
Polearms       | 1 2 |  2.0
Staves         | 1 2 |  2.0
Slings         | 1 2 |  2.0
Bows           | 1 2 |  2.0
Crossbows      | 1 2 |  2.0
Throwing       | 1 2 |  2.0
Armour         | 1 2 |  2.0
Shields        | 1 2 |  2.0
Unarmed Combat | 1 2 |  2.0
Evocations     | 1 2 |  2.0
Conjurations   | 1 |  1.6
Hexes          | 1 |  1.6
Summonings     | 1 |  1.6
Necromancy     | 1 |  1.6
Translocations | 1 |  1.6
Transmutations | 1 |  1.6
Fire Magic     | 1 |  1.6
Air Magic      | 1 |  1.6
Earth Magic    | 1 |  1.6
Poison Magic   | 1 |  1.6
Dodging        | 5 |  5.0
Stealth        | |  4.6
Ice Magic      | |  7.3

Action                   |  1- 3 |  4- 6 || total
-------------------------+-------+-------++-------
Melee: Whip              |    20 |       ||    20
       Bite              |     6 |     4 ||    10
       Dagger            |    29 |    79 ||   108
 Cast: Freeze            |    39 |    26 ||    65
       Frozen Ramparts   |     3 |    14 ||    17
       Ozocubu's Armour  |       |     3 ||     3
 Stab: Sleeping          |     5 |     9 ||    14
Armor: Robe              |    14 |    12 ||    26
Dodge: Dodged            |    43 |    64 ||   107

Table legend: (Time is in decaauts)
 A = Elapsed time spent in this place.
 B = Non-inter-level travel time spent in this place.
 C = Inter-level travel time spent in this place.
 D = Time resting spent in this place.
 E = Time spent auto-exploring this place.
 F = Levels seen in this place.
 G = Mean time per level.
                   A        B        C        D        E       F      G
               +--------+--------+--------+--------+--------+-----+--------+
         Total |   4904 |   4537 |    367 |      0 |   3858 |   5 |  980.8 |
       Dungeon |   4904 |   4537 |    367 |      0 |   3858 |   5 |  980.8 |
               +--------+--------+--------+--------+--------+-----+--------+

Top non-repeatable levels by time:
     D:1: 1689 daAuts
     D:2: 1275 daAuts
     D:3: 892 daAuts
     D:7: 547 daAuts
     D:4: 499 daAuts

Table legend:
 A = Kills in this place as a percentage of kills in entire the game.
 B = Kills by you in this place as a percentage of kills by you in the entire game.
 C = Kills by friends in this place as a percentage of kills by friends in the entire game.
 D = Other kills in this place as a percentage of other kills in the entire game.
 E = Experience gained in this place as a percentage of experience gained in the entire game.
 F = Experience gained in this place divided by the number of levels of this place that you have seen.
                   A       B       C       D       E      F
               +-------+-------+-------+-------+-------+----------------------
         Total | 100.0 | 100.0 |   N/A |   N/A | 100.0 | 104.0
       Dungeon | 100.0 | 100.0 |   N/A |   N/A | 100.0 | 104.0
               +-------+-------+-------+-------+-------+----------------------
